 Dungeon Crawl Stone Soup version 0.22.0-75-g3901e7991e (webtiles) character file.

8195 Ramireus the Martial Artist (level 11, -5/67 HPs)
             Began as an Octopode Transmuter on Sept 12, 2018.
             Was a Follower of Ashenzari.
             Slain by a polar bear (11 damage)
             ... in an ice cave on Sept 15, 2018.
             The game lasted 01:19:34 (13663 turns).

Ramireus the Martial Artist (Octopode Transmuter)  Turns: 13663, Time: 01:19:34

Health: -5/67      AC:  1    Str:  9    XL:     11   Next: 27%
Magic:  15/18      EV: 16    Int: 18    God:    Ashenzari [*.....]
Gold:   5          SH:  0    Dex: 14    Spells: 7/20 levels left

rFire    + . .     SeeInvis .   v - staff of wizardry
rCold    + . .     Gourm    .   (no shield)
rNeg     . . .     Faith    .   (helmet restricted)
rPois    .         Spirit   .   (no amulet)
rElec    .         Reflect  .   y - ring of protection from cold
rCorr    +         Harm     .   j - ring of protection from fire (curse)
MR       .....                  p - ring of resist corrosion
Stlth    ++........             (no ring)
HPRegen  0.21/turn              (no ring)
MPRegen  0.16/turn              (no ring)
                                (no ring)
                                (no ring)

@: very slightly contaminated, invisible
A: almost no armour, stealthy swim, amphibious, 8 rings, constrict 8, camouflage
1, gelatinous body 1
a: Curse Item, Scrying, Renounce Religion


You were in an ice cave.
You worshipped Ashenzari.
Ashenzari was aware of your devotion.
You were very hungry.

You visited 2 branches of the dungeon, and saw 12 of its levels.
You also visited: Ice Cave.

You collected 742 gold pieces.
You spent 737 gold pieces at shops.

Inventory:

Missiles
 a - 105 arrows
 b - 3 javelins (quivered)
 r - a throwing net
Magical Staves
 v - an uncursed staff of wizardry (weapon)
Jewellery
 j - a cursed ring of protection from fire (right tentacle)
 o - an uncursed ring of flight
 p - a ring of resist corrosion (on tentacle)
 y - a ring of protection from cold (left tentacle)
Wands
 u - a wand of flame (60)
 z - a wand of acid (6)
 A - a wand of iceblast (6)
 K - a wand of enslavement (6)
Scrolls
 d - 3 scrolls of teleportation
 f - 3 scrolls of fog
 m - 4 scrolls of enchant armour
 n - 6 scrolls of remove curse
 s - 2 scrolls of enchant weapon
 t - 4 scrolls of amnesia
 w - a scroll of summoning
 B - 2 scrolls of random uselessness
 D - a scroll of vulnerability
 E - a scroll of blinking
 G - a scroll of silence
 J - 3 scrolls of magic mapping {unknown}
 L - 2 scrolls of immolation
Potions
 e - a potion of brilliance
 g - 5 potions of haste
 i - a potion of might
 q - a potion of flight
 x - a potion of magic
 F - a potion of curing
 H - 2 potions of resistance
Comestibles
 c - 23 rations
 h - 5 chunks of flesh


   Skills:
 + Level 3.0 Fighting
 + Level 5.1 Dodging
 + Level 11.2 Unarmed Combat
 + Level 5.1 Spellcasting
 * Level 1.6 Hexes
 * Level 7.3 Transmutations
 + Level 5.1 Ice Magic
 * Level 6.9 Poison Magic


You had 7 spell levels left.
You knew the following spells:

 Your Spells              Type           Power        Failure   Level  Hunger
a - Beastly Appendage     Tmut           ####..       1%          1    None
b - Sticks to Snakes      Tmut           ####....     1%          2    #......
c - Spider Form           Tmut/Pois      ####......   1%          3    ##.....
d - Ice Form              Ice/Tmut       ####....     4%          4    ####...
e - Tukima's Dance        Hex            ##......     9%          3    ##.....

Your spell library contained the following spells:

 Spells                   Type           Power        Failure   Level  Hunger
 Passwall                 Tmut/Erth      ###.....     1%          2    #......
 Slow                     Hex            ##......     4%          2    #......
 Apportation              Tloc           #.....       5%          1    None
 Magic Dart               Conj           #...         5%          1    None
 Sandblast                Erth           #.....       5%          1    None
 Summon Butterflies       Summ           #.......     5%          1    None
 Mephitic Cloud           Conj/Pois/Air  ##......     6%          3    ##.....
 Alistair's Intoxication  Tmut/Pois      ####....     8%          5    ######.
 Blade Hands              Tmut           ####......   8%          5    ######.
 Blink                    Tloc           N/A          9%          2    #......
 Call Imp                 Summ           #.......     9%          2    #......
 Petrify                  Tmut/Erth      ###.....     12%         4    ####...
 Conjure Flame            Conj/Fire      #.......     16%         3    ##.....
 Lesser Beckoning         Tloc           #.........   16%         3    ##.....
 Stone Arrow              Conj/Erth      #.....       16%         3    ##.....
 Lee's Rapid Deconstruct  Erth           #.........   78%         5    ######.
 Invisibility             Hex            ##......     98%         6    #######


Dungeon Overview and Level Annotations

Branches:
Dungeon (11/15)            Temple (1/1) D:5            Lair (0/6) D:9
    Orc (0/2) D:10

Altars:
Ashenzari
Cheibriados
Dithmenos
Elyvilon
Fedhas
Gozag
Hepliaklqana
Kikubaaqudgha
Makhleb
Nemelex Xobeh
Okawaru
Qazlal
Ru
Sif Muna
Trog
Uskayaw
Vehumet
Wu Jian
Xom
Yredelemnul
Zin
The Shining One

Shops:
D:5 ?   D:9 *   D:10 (%?

Annotations:
D:2 Sigmund


Innate Abilities, Weirdness & Mutations

You cannot wear most types of armour.
You are very stealthy in the water. (Stealth+)
You are amphibious.
You can wear up to eight rings at the same time.
You can use your tentacles to constrict eight enemies at once.
Your skin changes colour to match your surroundings (Stealth+).
Your rubbery body absorbs attacks. (AC +1, EV +1)


Message History

The polar bear goes berserk!
You can't do that in your present form.
Evoke which item? (* to show all) (? for menu, Esc to quit)
Aiming: Throw Flame
Press: ? - help, Shift-Dir - straight line, f/p - polar bear
Aim: a polar bear (severely wounded, berserk, fast, unusually strong, poisoned)
The puff of flame hits the polar bear.
The polar bear is severely wounded.
Your transformation has ended.
Your uncursed staff of wizardry unmelds from your body.
The polar bear rages.
The polar bear misses you. The polar bear claws you.
* * * LOW HITPOINT WARNING * * *
The polar bear claws you!
* * * LOW HITPOINT WARNING * * *
You fade into invisibility!
The polar bear closely misses you. The polar bear barely misses you.
The polar bear closely misses you. The polar bear bites you!
You die...

#####
##...##
##@.∩..##
#.h.....#
#...∩...#
##.....##
##...##
#...#
...##
#..Y#
##...


You could see a polar bear (berserk) and a yak.

Vanquished Creatures
  Erica (D:7)
  A queen ant (D:8)
  2 rime drakes (D:11)
  A komodo dragon (D:9)
  A hornet (D:10)
  A hippogriff (D:7)
  A wyvern (D:10)
  A water moccasin (D:8)
  6 soldier ants
  4 orc warriors
  3 sky beasts
  4 ice beasts
  4 ogres
  3 centaurs
  A big kobold (D:9)
  2 bullfrogs
  A wyvern zombie (D:10)
  6 killer bees (D:7)
  4 scorpions
  2 howler monkeys (D:7)
  6 crimson imps
  A bullfrog zombie (D:10)
  2 bullfrog skeletons
  5 hounds
  4 jellies
  4 orc priests
  13 orc wizards
  A centaur skeleton (D:5)
  3 iguanas
  33 worker ants
  2 worker ant zombies (D:5)
  18 gnolls
  A howler monkey skeleton (D:6)
  8 adders
  2 shadow imps
  5 oozes
  2 adder skeletons
  2 adder zombies
  2 dart slugs (D:2)
  9 leopard geckos
  62 orcs
  4 giant cockroaches
  7 goblins
  7 hobgoblins
  19 jackals
  10 kobolds
  2 quokkas
  A ball python (D:7)
  A ball python skeleton (D:4)
  7 bats
  6 frilled lizards
  A leopard gecko zombie (D:7)
  8 rats
307 creatures vanquished.

Vanquished Creatures (collateral kills)
  Terence (D:3)
  An orc (D:10)
  A kobold (D:2)
3 creatures vanquished.

Vanquished Creatures (others)
  A dancing weapon (D:10)
  4 plants (D:9)
5 creatures vanquished.

Grand Total: 315 creatures vanquished

Notes
Turn   | Place    | Note
-------+----------+-------------------------------------------
     0 | D:1      | Ramireus the Octopode Transmuter began the quest for the
                  | Orb.
     0 | D:1      | Reached XP level 1. HP: 13/13 MP: 3/3
    93 | D:1      | Reached XP level 2. HP: 5/18 MP: 3/5
   467 | D:1      | Learned a level 2 spell: Sticks to Snakes
   562 | D:1      | Found a glowing golden altar of the Shining One.
   579 | D:1      | Reached XP level 3. HP: 19/23 MP: 4/6
   950 | D:2      | Learned a level 3 spell: Spider Form
   955 | D:2      | Noticed Sigmund
  1319 | D:2      | Reached skill level 1 in Poison Magic
  1319 | D:2      | Reached XP level 4. HP: 25/28 MP: 0/7
  1883 | D:2      | Reached skill level 4 in Unarmed Combat
  1936 | D:2      | Reached XP level 5. HP: 33/33 MP: 3/8
  2871 | D:3      | Noticed Terence
  2887 | D:3      | Killed Terence
  3063 | D:4      | Noticed an ogre
  3079 | D:3      | Reached XP level 6. HP: 15/38 MP: 1/9
  3298 | D:4      | Reached skill level 5 in Unarmed Combat
  3663 | D:4      | Found a shimmering altar of Xom.
  3676 | D:4      | Reached XP level 7. HP: 32/43 MP: 8/11
  4091 | D:4      | Found a sacrificial altar of Ru.
  4091 | D:4      | Found a radiant altar of Vehumet.
  4092 | D:4      | Found a basalt altar of Yredelemnul.
  4159 | D:4      | Found a shadowy altar of Dithmenos.
  4411 | D:5      | Entered Level 5 of the Dungeon
  4760 | D:5      | Found a staircase to the Ecumenical Temple.
  4773 | Temple   | Entered the Ecumenical Temple
  4874 | Temple   | Became a worshipper of Ashenzari the Shackled
  4944 | D:5      | Noticed a troll
  5105 | D:5      | Found a deep blue altar of Sif Muna.
  5149 | D:5      | Found a burning altar of Makhleb.
  5174 | D:5      | Found Vusoopne's Magic Scroll Shoppe.
  5177 | D:5      | Bought a scroll of teleportation for 30 gold pieces
  5177 | D:5      | Bought a scroll of noise for 10 gold pieces
  5177 | D:5      | Bought a scroll of summoning for 95 gold pieces
  5177 | D:5      | Bought a scroll of identify for 20 gold pieces
  5177 | D:5      | Bought 3 scrolls of identify for 60 gold pieces
  5177 | D:5      | Bought a scroll of identify for 20 gold pieces
  5259 | D:5      | Learned a level 4 spell: Ice Form
  5273 | D:5      | Reached skill level 6 in Unarmed Combat
  5273 | D:5      | Reached XP level 8. HP: 29/48 MP: 10/13
  5782 | D:6      | Reached skill level 1 in Ice Magic
  6628 | D:6      | Reached skill level 5 in Poison Magic
  6669 | D:6      | Reached skill level 7 in Unarmed Combat
  6856 | D:7      | Reached XP level 9. HP: 43/54 MP: 11/15
  6935 | D:7      | Reached skill level 5 in Transmutations
  7445 | D:7      | Found a shimmering altar of Xom.
  8049 | D:8      | Noticed Erica
  8359 | D:7      | Reached skill level 8 in Unarmed Combat
  8856 | D:7      | Killed Erica
  8856 | D:7      | Reached XP level 10. HP: 27/61 MP: 14/16
  9501 | D:8      | Found a stormy altar of Qazlal.
  9581 | D:8      | Found a sparkling altar of Nemelex Xobeh.
  9619 | D:8      | Reached skill level 9 in Unarmed Combat
  9994 | D:8      | Learned a level 3 spell: Tukima's Dance
 10306 | D:9      | Noticed a queen ant
 10336 | D:8      | Killed a queen ant
 10451 | D:9      | Reached skill level 10 in Unarmed Combat
 11179 | D:9      | Found a burning altar of Makhleb.
 11265 | D:8      | Reached skill level 5 in Ice Magic
 11687 | D:9      | Reached skill level 5 in Dodging
 11726 | D:9      | Found a staircase to the Lair.
 11877 | D:9      | Found Pemuegh's Assorted Antiques.
 11885 | D:9      | Bought a scroll of remove curse for 75 gold pieces
 11885 | D:9      | Bought a potion of curing for 75 gold pieces
 11885 | D:9      | Bought a scroll labeled ROS BOT BYLI for 25 gold pieces
 11885 | D:9      | Bought 2 amethyst potions for 45 gold pieces
 11906 | D:9      | Reached * piety under Ashenzari
 12287 | D:9      | Reached XP level 11. HP: 66/66 MP: 15/18
 12335 | D:9      | Found a hide-covered altar of Uskayaw.
 12459 | D:10     | Entered Level 10 of the Dungeon
 12479 | D:10     | Found a staircase to the Orcish Mines.
 12518 | D:10     | Reached skill level 11 in Unarmed Combat
 12518 | D:10     | Reached skill level 5 in Spellcasting
 12628 | D:10     | Found Baliapn's Antique Weapon Boutique.
 12923 | D:10     | Reached skill level 1 in Hexes
 13325 | D:10     | Found Omagoudgh's Magic Scroll Shop.
 13328 | D:10     | Bought a scroll of random uselessness for 12 gold pieces
 13328 | D:10     | Bought 2 scrolls of immolation for 84 gold pieces
 13328 | D:10     | Bought a scroll of enchant weapon for 90 gold pieces
 13328 | D:10     | Bought a scroll of identify for 24 gold pieces
 13328 | D:10     | Bought a scroll of remove curse for 36 gold pieces
 13328 | D:10     | Bought a scroll of remove curse for 36 gold pieces
 13391 | D:10     | Found Yjug Fel's Food Shop.
 13607 | D:11     | Found a frozen archway.
 13607 | D:11     | Noticed a two-headed ogre
 13641 | IceCv    | Entered an ice cave
 13663 | IceCv    | Slain by a polar bear

Skill      XL: |  1  2  3  4  5  6  7  8  9 10 11 |
---------------+----------------------------------+-----
Poison Magic   | 1 2 4 5 6 |  6.9
Transmutations | 3 4 6 7 |  7.3
Unarmed Combat | 4 5 6 7 8 10 11 | 11.2
Dodging        | 3 4 5 |  5.1
Spellcasting   | 3 4 5 |  5.1
Ice Magic      | 3 4 5 |  5.1
Fighting       | 2 3 |  3.0
Hexes          | 1 |  1.6

Action                   |  1- 3 |  4- 6 |  7- 9 | 10-12 || total
-------------------------+-------+-------+-------+-------++-------
Melee: Unarmed           |    88 |   137 |   337 |   339 ||   901
       Constrict         |    21 |    13 |     6 |     1 ||    41
       Kick              |    16 |     4 |       |       ||    20
       Tentacles         |     8 |     4 |     4 |     1 ||    17
       Punch             |       |     1 |     1 |     2 ||     4
 Cast: Beastly Appendage |    15 |     5 |       |       ||    20
       Sticks to Snakes  |     4 |     1 |       |       ||     5
       Spider Form       |     1 |    25 |    42 |    42 ||   110
       Ice Form          |       |       |     8 |     4 ||    12
       Tukima's Dance    |       |       |       |     2 ||     2
Invok: Curse Item        |       |       |       |     1 ||     1
Evoke: Wand              |       |       |       |     3 ||     3
  Use: Scroll            |       |       |    11 |     9 ||    20
       Potion            |       |       |     8 |     7 ||    15
 Stab: Sleeping          |     3 |     2 |       |     1 ||     6
  Eat: Chunk             |     2 |    11 |    18 |    15 ||    46
       Ration            |       |       |     1 |     1 ||     2
Armor: Skin              |     9 |    15 |    28 |    17 ||    69
Dodge: Dodged            |    57 |   153 |   288 |   247 ||   745
